 Dungeon Sprint DCSS version 0.31-a0-662-g684573625c (webtiles) character file.

Game seed: 16904705130784416584

1171 rocky1 the Grappler (level 8, -8/64 HPs)
             Began as a Djinni Shapeshifter on Aug 31, 2023.
             Was an Initiate of Gozag.
             Mangled by Snorg (29 damage)
             ... in the Dungeon (Sprint III: "The Ten Rune Challenge").
             The game lasted 00:02:34 (1360 turns).

rocky1 the Grappler (Djinni Shapeshifter)           Turns: 1360, Time: 00:02:34

Health: -8/64      AC:  2    Str: 13    XL:     8   Next: 68%
Gold:   412        EV: 14    Int: 15    God:    Gozag SH:  0 Dex: 12

rFire   + +          .
                       - Unarmed
rCold   x . .        (no shield)
rNeg    . . .        a - +0 animal skin
rPois   ∞            (helmet currently unavailable)
rElec   .            (cloak currently unavailable)
rCorr   .            (gloves currently unavailable)
SInv    .            (boots unavailable)
Will    .....        (no amulet)
Stlth   +            (no ring)
HPRegen 0.30/turn    (no ring)
MPRegen 0.00/turn

%: no teleportation, infuse magic (-9 HP)
@: beast-form, flying
A: beast (slay +4), flying, sickness immunity, fire resistance 2, cold
vulnerability 1, float, innate caster, HP casting, extra vitality 1
a: Begin Untransformation, Renounce Religion, Potion Petition, Call Merchant,
Bribe Branch


You were in the Dungeon.
You worshipped Gozag.
Gozag was aware of your devotion.
You were a hulking beast.
You visited 1 branch You collected 412 gold pieces.

Inventory:

Hand Weapons
 m - a +4 long sword of holy wrath
Armour
 a - a +0 animal skin (worn)
Talismans
 c - a beast talisman (active)
 d - a flux talisman
Wands
 h - a wand of light (7)
Scrolls
 i - a scroll of blinking
 j - 2 scrolls of poison
 k - a scroll of identify
Potions
 b - a potion of lignification
 e - 2 potions of curing
 f - 5 potions of mutation
 g - a potion of haste
 l - 4 potions of enlightenment


   Skills:
 * Level 7.5 Fighting
 + Level 7.1 Dodging
 - Level 0.5 Stealth
 + Level 12.1 Unarmed Combat
 + Level 0.3 Evocations
 + Level 8.6 Shapeshifting


You knew the following spells:

 Your Spells              Type           Power      Damage    Failure   Level
a - Sandblast             Erth           0%         2d4       26%         1
b - Searing Ray           Conj           0%         2d4       38%         2
c - Confusing Touch       Hex            0%         N/A       63%         3
Your spell library was empty.

Dungeon Overview and Level Annotations

Branches:
Dungeon (1/1)

Altars:
Cheibriados
Dithmenos
Elyvilon
Fedhas
Gozag
Hepliaklqana
Makhleb
Nemelex Xobeh
Okawaru
Qazlal
Ru
Trog
Uskayaw
Wu Jian
Xom
Yredelemnul
Zin
The Shining One
Jiyva
Lugonu

Annotations:
D Snorg


Innate Abilities, Weirdness & Mutations

You are a hulking beast.
Your limbs bulge with bestial killing power. (Slay +4)
You are flying.
You are immune to sickness and miasma.
You are immune to poison.
Your flesh is very heat resistant. (rF++)
You are vulnerable to cold. (rC-)
You float through the air rather than walking.
You learn spells naturally, not from books.
Your magical power is your life essence.
You have superior vitality. (+4 MHP)


Message History

There is a roughly hewn altar of Beogh here.
There is a hide-covered altar of Uskayaw here.
There is an open door here.
There is an open door here.
As you open the door, it creaks loudly!
There is an open door here.
Snorg the Insatiable comes into view.
Okay, then.
Aiming: Bolt of Light
Press: ? - help, Shift-Dir - straight line, f - you
Okay, then.
Aiming: Bolt of Light
Press: ? - help, Shift-Dir - straight line, f - Snorg
Aim: Snorg (asleep, 100% to hit)
The bolt of light hits Snorg!
Snorg is lightly wounded.
Snorg shouts!
Snorg is blinded.
Aiming: Bolt of Light
Press: ? - help, Shift-Dir - straight line, f/p - Snorg
Aim: Snorg (black smoke, lightly wounded, blind, 71% to hit)
The bolt of light misses Snorg.
You closely miss Snorg.
Snorg is lightly wounded.
Snorg bites you! Snorg closely misses you. Snorg barely misses you.
You punch Snorg! Your punch misses Snorg.
Snorg is moderately wounded.
You hit Snorg.
Snorg is moderately wounded.
Snorg goes berserk!
You strike the helpless Snorg from behind!
You punch Snorg!
Snorg is moderately wounded.
Snorg barely misses you. Snorg claws you! Snorg barely misses you.
You punch Snorg!
Snorg is moderately wounded.
Snorg bites you!! Snorg completely misses you. Snorg claws you!
Snorg bites you!!
You die...
Your body crumbles into a pile of gold.

♣.############
♣.#___#___#__#
♣♣.#...#__)#._#
♣..###'#'###)##
♣♣.#..........#
...'.⌠........#
.♣.#...######'#
...#.⌠.#_v#...#+#####
...#...#__#...#.h§§~+
...#'###__#...#.#T§§#
...#.))#__#...'.#§§§#
...#___#__+...#.#§.§#
▓▓▓▓▓▓▓▓▓▓▓▓▓▓▓▓▓▓▓▓▓


You could see Snorg (berserk, blind).

Vanquished Creatures
  A deep elf pyromancer (D)
  A shadow (D)
  A necrophage (D)
  A scorpion (D)
  A water elemental (D)
  A jelly (D)
  Jessica (D)
  A wizard (D)
  A necromancer (D)
  3 humans (D)
  A kobold demonologist (D)
  2 endoplasms (D)
15 creatures vanquished.

Notes
Turn   | Place    | Note
-------+----------+-------------------------------------------
     0 | D        | rocky1 the Djinni Shapeshifter began the quest for the Orb.
     0 | D        | Reached XP level 1. HP: 17/17 MP: 0/0
    12 | D        | Noticed Jessica
    21 | D        | Killed Jessica
    22 | D        | Reached skill level 4 in Unarmed Combat
    22 | D        | Reached XP level 2. HP: 12/22 MP: 0/0
    22 | D        | Reached XP level 3. HP: 15/27 MP: 0/0
    22 | D        | Learned a level 1 spell: Sandblast
   176 | D        | Noticed a scorpion
   186 | D        | Killed a scorpion
   187 | D        | Reached skill level 5 in Unarmed Combat
   187 | D        | Reached skill level 5 in Shapeshifting
   187 | D        | Reached XP level 4. HP: 12/34 MP: 0/0
   316 | D        | Reached skill level 6 in Unarmed Combat
   316 | D        | Reached XP level 5. HP: 38/40 MP: 0/0
   316 | D        | Learned a level 2 spell: Searing Ray
   330 | D        | Noticed a water elemental
   334 | D        | Killed a water elemental
   335 | D        | Reached skill level 7 in Unarmed Combat
   621 | D        | Reached XP level 6. HP: 46/48 MP: 0/0
   734 | D        | Noticed a shadow
   737 | D        | Killed a shadow
   738 | D        | Reached skill level 5 in Fighting
   738 | D        | Reached skill level 5 in Dodging
   738 | D        | Reached skill level 8 in Unarmed Combat
   845 | D        | Found a blossoming altar of Fedhas.
   845 | D        | Found a stormy altar of Qazlal.
   845 | D        | Found a snail-covered altar of Cheibriados.
   845 | D        | Found a burning altar of Makhleb.
   845 | D        | Found a shimmering altar of Xom.
   845 | D        | Noticed a spatial vortex
   846 | D        | Found a hazy altar of Hepliaklqana.
   846 | D        | Found an opulent altar of Gozag.
   846 | D        | Found a sparkling altar of Nemelex Xobeh.
   846 | D        | Found a corrupted altar of Lugonu.
   846 | D        | Found a viscous altar of Jiyva.
   852 | D        | Became a worshipper of Gozag Ym Sagoz the Greedy
   929 | D        | Found a basalt altar of Yredelemnul.
   929 | D        | Found a shadowy altar of Dithmenos.
   929 | D        | Found a sacrificial altar of Ru.
   939 | D        | Reached skill level 9 in Unarmed Combat
   939 | D        | Reached XP level 7. HP: 35/55 MP: 0/0
   939 | D        | Learned a level 3 spell: Confusing Touch
  1032 | D        | Found a hide-covered altar of Uskayaw.
  1032 | D        | Found an iron altar of Okawaru.
  1032 | D        | Found a bloodstained altar of Trog.
  1032 | D        | Found an ornate altar of the Wu Jian Council.
  1032 | D        | Noticed a human
  1033 | D        | Noticed a human
  1047 | D        | Killed a human
  1048 | D        | Reached skill level 10 in Unarmed Combat
  1049 | D        | Killed a human
  1239 | D        | Reached XP level 8. HP: 62/62 MP: 0/0
  1243 | D        | Reached skill level 11 in Unarmed Combat
  1260 | D        | Found a glowing silver altar of Zin.
  1260 | D        | Found a glowing golden altar of the Shining One.
  1260 | D        | Found a white marble altar of Elyvilon.
  1261 | D        | Noticed a deep elf pyromancer
  1264 | D        | Noticed a fire elemental
  1264 | D        | Noticed a fire elemental
  1267 | D        | Killed a deep elf pyromancer
  1268 | D        | Reached skill level 12 in Unarmed Combat
  1350 | D        | Noticed Snorg
  1360 | D        | Mangled by Snorg

Illustrated notes

Levels and vault maps discovered:
D:        dungeon_sprint_mu [sprint_mu_entry_forest, sprint_mu_temple_rooms,
          sprint_mu_d1_horrors, sprint_mu_d2_genie, sprint_mu_d3_branching,
          sprint_mu_orc_legion, sprint_mu_elf_gauntlet, sprint_mu_hive_nellie,
          sprint_mu_lair_fedhas, sprint_mu_vaults_butterflies,
          sprint_mu_slime_circle, sprint_mu_swamp_cave, sprint_mu_shoals_archi,
          sprint_mu_blade_basic, sprint_mu_crypt_chambers,
          sprint_mu_tomb_spiral, sprint_mu_vestibule_basic,
          sprint_mu_gehenna_hellfire, sprint_mu_dis_giant,
          sprint_mu_tartarus_statrot, sprint_mu_cocytus_islands, sprint_mu_zot1]

Skill      XL: |  1  2  3  4  5  6  7  8 |
---------------+-------------------------+-----
Shapeshifting  | 4 5 6 7 8 |  8.6
Unarmed Combat | 4 5 6 7 9 10 12 | 12.1
Fighting       | 2 3 4 5 6 7 |  7.5
Dodging        | 3 4 5 6 7 |  7.1
Stealth        | |  0.5
Evocations     | |  0.3

Action                     |  1- 3 |  4- 6 |  7- 9 || total
---------------------------+-------+-------+-------++-------
  Melee: Unarmed           |    14 |    32 |    21 ||    67
         Punch             |     2 |     2 |     2 ||     6
  Evoke: Wand              |       |       |     4 ||     4
    Use: Potion            |     1 |     1 |       ||     2
         Scroll            |       |     2 |       ||     2
   Stab: Sleeping          |     1 |       |     1 ||     2
         Invisible         |       |       |     5 ||     5
 Armour: Animal skin       |     6 |    11 |    22 ||    39
  Dodge: Dodged            |     7 |    13 |    17 ||    37

Table legend: (Time is in decaauts)
 A = Elapsed time spent in this place.
 B = Non-inter-level travel time spent in this place.
 C = Inter-level travel time spent in this place.
 D = Time resting spent in this place.
 E = Time spent auto-exploring this place.
 F = Levels seen in this place.
 G = Mean time per level.
                   A        B        C        D        E       F      G
               +--------+--------+--------+--------+--------+-----+--------+
         Total |   1362 |   1362 |      0 |   1066 |      1 |   1 | 1362.0 |
       Dungeon |   1362 |   1362 |      0 |   1066 |      1 |   1 | 1362.0 |
               +--------+--------+--------+--------+--------+-----+--------+

Top non-repeatable levels by time:
       D: 1362 daAuts
